 Dungeon Crawl Stone Soup version 0.24.0 (webtiles) character file.

Game seed: 15043955953851251455, levelgen mode: deterministic

6497 Ayyar the Slicer (level 10, -4/80 HPs)
             Began as a Demonspawn Gladiator on Apr 3, 2020.
             Was a Follower of Dithmenos.
             Hit by a large rock thrown by a cyclops (41 damage)
             ... on level 9 of the Dungeon.
             The game lasted 00:49:04 (11422 turns).

Ayyar the Slicer (Demonspawn Gladiator)            Turns: 11422, Time: 00:49:05

Health: -4/80      AC:  8    Str: 19    XL:     10   Next: 68%
Magic:  10/10      EV: 15    Int: 13    God:    Dithmenos [*.....]
Gold:   267        SH:  5    Dex: 14    Spells: 9/9 levels left

rFire    x . .     SeeInvis .   a - +2 dagger (vamp)
rCold    + + .     Gourm    +   M - +0 buckler
rNeg     . . .     Faith    .   x - +1 robe "Roridade" {rPois Int+2 Slay+3} (curse)
rPois    +         Spirit   .   (helmet restricted)
rElec    +         Reflect  .   I - +2 cloak {MR+}
rCorr    .         Harm     .   q - +0 pair of gloves
MR       +....                  N - +0 pair of boots
Stlth    +++++.....             G - amulet of the gourmand
HPRegen  0.23/turn              g - ring of stealth
MPRegen  0.12/turn              O - ring of Vaops {+Blink rElec rPois rF- rC+}

@: wreathed by umbra
A: horns 1, cold resistance 1, nightstalker 2, strong 1, wild magic 1, evolution
1, freezing cloud immunity
a: Renounce Religion, Evoke Blink


You were on level 9 of the Dungeon.
You worshipped Dithmenos.
Dithmenos was aware of your devotion.
You were very full.

You visited 2 branches of the dungeon, and saw 10 of its levels.

You collected 579 gold pieces.
You spent 312 gold pieces at shops.

Inventory:

Hand Weapons
 a - a +2 vampiric dagger (weapon)
 b - a +0 dagger of electrocution
 i - a +0 hand crossbow
 S - a +0 long sword
Missiles
 d - 3 throwing nets (quivered)
Armour
 n - a +0 scale mail
 q - a +0 pair of gloves (worn)
 x - the cursed +1 robe "Roridade" (worn) {rPois Int+2 Slay+3}
   (You found it on level 4 of the Dungeon)

   It affects your intelligence (+2).
   It affects your accuracy and damage with ranged weapons and melee attacks
   (+3).
   It protects you from poison.
   It has a curse placed upon it.
 I - a +2 cloak of magic resistance (worn)
 M - a +0 buckler (worn)
 N - a +0 pair of boots (worn)
 T - a +0 shield of protection
Jewellery
 c - a +4 amulet of reflection {unknown}
 e - an uncursed ring of magical power
 g - a ring of stealth (left hand)
 m - an uncursed ring of ice
 G - an amulet of the gourmand (around neck)
 K - a +2 ring of dexterity
 O - the ring of Vaops (right hand) {+Blink rElec rPois rF- rC+}
   (You found it on level 7 of the Dungeon)

   [ring of poison resistance]

   It makes you vulnerable to fire.
   It protects you from cold.
   It insulates you from electricity.
   It protects you from poison.
   It lets you blink.
Wands
 s - a wand of digging (5)
 u - a wand of enslavement (5)
 y - a wand of paralysis (6)
 B - a wand of polymorph (21)
 U - a wand of acid (10)
 V - a wand of random effects (12)
Scrolls
 k - 2 scrolls of fear {unknown}
 l - a scroll of blinking {unknown}
 p - 2 scrolls of amnesia {unknown}
 t - 5 scrolls of teleportation
 C - 2 scrolls of random uselessness {unknown}
 D - 3 scrolls of remove curse {unknown}
 F - a scroll of enchant armour {unknown}
 H - 2 scrolls of immolation {unknown}
 L - 2 scrolls of magic mapping {unknown}
 R - a scroll of identify
Potions
 h - 4 potions of lignification {unknown}
 j - a potion of curing
 o - 3 potions of mutation
 r - 3 potions of haste
 v - a potion of agility
 w - 3 potions of ambrosia {unknown}
 z - a potion of degeneration {unknown}
 A - 2 potions of brilliance {unknown}
 E - a potion of magic {unknown}
 J - a potion of might {unknown}
 P - a potion of resistance
 Q - a potion of flight
Comestibles
 f - 25 rations


   Skills:
 + Level 8.2 Fighting
 - Level 9.7(10.0) Short Blades
 - Level 3.5(7.1) Long Blades
 - Level 4.0 Throwing
 - Level 6.0 Dodging
 + Level 5.3 Shields


You had 9 spell levels left.
You didn't know any spells.
Your spell library contained the following spells:

 Spells                   Type           Power        Failure   Level  Hunger
 Sting                    Conj/Pois      #...         38%         1    ##.....
 Poisonous Vapours        Pois/Air       #.....       52%         2    ###....
 Mephitic Cloud           Conj/Pois/Air  #.......     75%         3    ####...
 Olgreb's Toxic Radiance  Pois           #.......     98%         4    #####..
 Venom Bolt               Conj/Pois      #.........   100%        5    ######.


Dungeon Overview and Level Annotations

Branches:
Dungeon (9/15)             Temple (1/1) D:7
   Lair: D:8-11         Orc: D:9-12

Altars:
Ashenzari
Dithmenos
Elyvilon
Fedhas
Gozag
Hepliaklqana
Kikubaaqudgha
Makhleb
Nemelex Xobeh
Okawaru
Qazlal
Ru
Sif Muna
Trog
Uskayaw
Vehumet
Wu Jian
Xom
Yredelemnul
Zin
The Shining One

Shops:
D:7 !

Annotations:
D:7 3 runed translucent doors, Loaka's ghost, novice CeHu


Innate Abilities, Weirdness & Mutations

You have a pair of small horns on your head.
Your flesh is cold resistant. (rC+)
You are significantly more attuned to the shadows.
You are immune to freezing clouds.
Your muscles are strong. (Str +2)
Your spells are a little harder to cast, but a little more powerful.
You evolve.


Message History

You are too injured to fight recklessly!
You puncture the howler monkey skeleton!
The howler monkey skeleton is heavily damaged.
You hit the howler monkey skeleton.
You headbutt the howler monkey skeleton.
The howler monkey skeleton is almost destroyed.
The howler monkey skeleton hits you but does no damage.
You hit the howler monkey skeleton.
You destroy the howler monkey skeleton!
Dithmenos accepts your kill.
Throwing (i - inventory)
d - 4 throwing nets (quivered)
Press: ? - help, Shift-Dir - straight line, f - cyclops
Aim: a cyclops (immune to nets)
You throw a throwing net. The throwing net hits the cyclops.
The cyclops is too large for the net to hold!
The cyclops throws a large rock.
You block the large rock.
You see here a large rock.
The cyclops throws a large rock.
The large rock hits you!!!
Ouch! That really hurt!
You die...

#........######
#.......## #. #.......#
##.####.......##########
......(.........).......
#.............####(.....
#.._8_........# #......
#............####C.....
#.....######@(.......=.
........................
..#.#..>....######......
#........... #......
.C#....... #...... ...
##..###


You could see a cyclops.

Vanquished Creatures
  Harold (D:9)
  A two-headed ogre (D:8)
  Maurice (D:8)
  A hippogriff (D:8)
  A wyvern (D:7)
  5 yaks (D:8)
  Menkaure (D:7)
  A black bear (D:7)
  2 ice beasts (D:7)
  4 phantoms
  3 sky beasts
  A necrophage (D:8)
  A centaur (D:7)
  An ogre (D:4)
  2 bullfrogs
  A gnoll sergeant (D:6)
  2 scorpions (D:6)
  A water moccasin skeleton (D:4)
  11 killer bees
  3 howler monkeys (D:8)
  3 crimson imps (D:7)
  A quasit (D:8)
  5 hounds
  A bullfrog zombie (D:6)
  6 jellies
  2 orc priests
  9 orc wizards
  4 iguanas
  Ijyb (D:3)
  5 worker ants
  A hound skeleton (D:8)
  Robin (D:4)
  10 gnolls
  A howler monkey skeleton (D:9)
  15 adders
  7 oozes
  2 adder skeletons
  4 worms
  4 dart slugs
  6 leopard geckos
  17 orcs
  5 ball pythons
  12 giant cockroaches
  26 goblins
  4 hobgoblins
  13 jackals
  7 quokkas
  9 bats
  5 frilled lizards
  5 kobolds
  2 leopard gecko skeletons
  2 leopard gecko zombies
  10 rats
249 creatures vanquished.

Vanquished Creatures (others)
  A worker ant (D:4)
1 creature vanquished.

Grand Total: 250 creatures vanquished

Notes
Turn   | Place    | Note
-------+----------+-------------------------------------------
     0 | D:1      | Ayyar the Demonspawn Gladiator began the quest for the Orb.
     0 | D:1      | Reached XP level 1. HP: 16/16 MP: 1/1
   294 | D:1      | Gained mutation: You are slightly more attuned to the
                  | shadows. [demonic ancestry]
   294 | D:1      | Reached XP level 2. HP: 22/22 MP: 2/2
   532 | D:1      | Reached XP level 3. HP: 25/28 MP: 3/3
   962 | D:2      | Found a sparkling altar of Nemelex Xobeh.
  1159 | D:2      | Reached XP level 4. HP: 29/34 MP: 4/4
  2756 | D:3      | Noticed Ijyb
  2864 | D:3      | Reached XP level 5. HP: 38/40 MP: 5/5
  2941 | D:3      | Paralysed by Ijyb for 5 turns
  2957 | D:3      | Killed Ijyb
  3394 | D:4      | Reached skill level 1 in Short Blades
  3420 | D:4      | Noticed an ogre
  3437 | D:4      | Gained mutation: Scrolls take you a little longer to read.
                  | [potion of mutation]
  3437 | D:4      | Gained mutation: You have a pair of small horns on your
                  | head. [potion of mutation]
  3437 | D:4      | Gained mutation: You evolve. [potion of mutation]
  3438 | D:4      | Mutation became permanent: You have a pair of small horns
                  | on your head. [demonic ancestry]
  3438 | D:4      | Gained mutation: You have a pair of small horns on your
                  | head. [demonic ancestry]
  3438 | D:4      | Reached XP level 6. HP: 7/47 MP: 6/6
  3847 | D:4      | HP: 2/47 [phantom (7)]
  3849 | D:4      | Reached skill level 2 in Short Blades
  4006 | D:4      | Lost mutation: Scrolls take you a little longer to read.
                  | [evolution]
  4295 | D:4      | Reached XP level 7. HP: 33/53 MP: 7/7
  4531 | D:4      | Reached skill level 5 in Dodging
  4689 | D:4      | Identified the cursed +1 robe "Roridade" {rPois Int+2
                  | Slay+3} (You found it on level 4 of the Dungeon)
  4706 | D:4      | Noticed Robin
  4752 | D:4      | Killed Robin
  5113 | D:5      | Entered Level 5 of the Dungeon
  5125 | D:5      | Reached skill level 3 in Short Blades
  6048 | D:6      | Gained mutation: Your flesh is cold resistant. (rC+)
                  | [demonic ancestry]
  6048 | D:6      | Reached XP level 8. HP: 49/60 MP: 8/8
  6238 | D:6      | Reached skill level 4 in Short Blades
  6761 | D:6      | Reached skill level 5 in Fighting
  6792 | D:6      | Reached skill level 5 in Short Blades
  6970 | D:6      | Gained mutation: Your muscles are strong. (Str +2)
                  | [evolution]
  7379 | D:7      | Noticed Menkaure
  7382 | D:7      | Killed Menkaure
  7382 | D:7      | Reached skill level 1 in Shields
  7581 | D:7      | Gained mutation: You are immune to freezing clouds.
                  | [demonic ancestry]
  7581 | D:7      | Reached XP level 9. HP: 40/68 MP: 9/9
  7590 | D:7      | Reached skill level 6 in Short Blades
  7795 | D:7      | Got a slimy copper ring
  7811 | D:7      | Identified the ring of Vaops {+Blink rElec rPois rF- rC+}
                  | (You found it on level 7 of the Dungeon)
  7995 | D:7      | Found a runed translucent gate.
  7995 | D:7      | Found a runed translucent gate.
  7995 | D:7      | Found a runed translucent gate.
  7996 | D:7      | Noticed Loaka's ghost (novice CeHu)
  8024 | D:7      | Found City's Distillery.
  8033 | D:7      | Bought a potion of heal wounds for 65 gold pieces
  8033 | D:7      | Bought a potion of resistance for 130 gold pieces
  8033 | D:7      | Bought 2 potions of curing for 78 gold pieces
  8033 | D:7      | Bought a potion of flight for 39 gold pieces
  8211 | D:7      | Found a staircase to the Ecumenical Temple.
  8235 | Temple   | Entered the Ecumenical Temple
  8271 | Temple   | Gained mutation: Your spells are a little harder to cast,
                  | but a little more powerful. [evolution]
  8426 | Temple   | Became a worshipper of Dithmenos the Shadowed
  9147 | D:7      | Reached skill level 7 in Short Blades
  9608 | D:8      | Reached skill level 8 in Short Blades
  9875 | D:8      | Found an iron altar of Okawaru.
  9934 | D:8      | Reached * piety under Dithmenos
  9942 | D:8      | Gained mutation: You are significantly more attuned to the
                  | shadows. [demonic ancestry]
  9942 | D:8      | Reached XP level 10. HP: 79/79 MP: 10/10
 10160 | D:8      | Found a shattered altar of Ashenzari.
 10295 | D:8      | Noticed a two-headed ogre
 10667 | D:8      | Killed a two-headed ogre
 11007 | D:8      | Found a glowing golden altar of the Shining One.
 11129 | D:8      | Found a shadowy altar of Dithmenos.
 11129 | D:8      | Found an ancient bone altar of Kikubaaqudgha.
 11129 | D:8      | Found a shimmering altar of Xom.
 11130 | D:8      | Noticed Maurice
 11133 | D:8      | Found a burning altar of Makhleb.
 11133 | D:8      | Found a hide-covered altar of Uskayaw.
 11133 | D:8      | Found a radiant altar of Vehumet.
 11157 | D:8      | Killed Maurice
 11157 | D:8      | Reached skill level 9 in Short Blades
 11309 | D:9      | Found an ornate altar of the Wu Jian Council.
 11317 | D:9      | Reached skill level 5 in Shields
 11337 | D:9      | Found an ancient bone altar of Kikubaaqudgha.
 11339 | D:9      | Noticed Harold
 11340 | D:9      | Noticed a cyclops
 11383 | D:9      | Killed Harold
 11422 | D:9      | Hit by a large rock thrown by a cyclops

Levels and vault maps discovered:
D:1:      lightli_arrival_quake, layout_rooms, serial_curves, eino_curves_04,
          eino_curves_02, eino_curves_03
D:2:      minmay_recursive_quarters, layout_loops_corners, old_standard_altar
D:3:      layout_rooms, first_ration, minmay_joined_circles, uniq_ijyb
D:4:      kennysheep_goblin_castle, layout_basic, minmay_circle_x
D:5:      layout_basic
D:6:      layout_gridville, minmay_checkerbox
D:7:      layout_basic, minmay_temple_entry_drinking_statues,
          gammafunk_ghost_nasty_kobolds, serial_shops, shop, uniq_menkaure
D:8:      layout_rooms, kennysheep_okawaru_gauntlet,
          nicolae_ashenzari_panopticon, doesnt_xom_only_xom,
          hangedman_little_slice_of_home, grunt_ministairs_13,
          nicolae_tso_swordbearing_angel, uniq_maurice
D:9:      layout_rooms, nicolae_overflow_crystal_walls, lightli_temple_of_fire,
          chequers_temple_overflow_statue_of_worship, uniq_harold
Temple:   eino_temple_water
